 Dungeon Crawl Stone Soup version 0.25.1-2-g60ff931df9 (webtiles) character file.

Game seed: 15667228877173556015

132 lorenzova the Conjurer (level 4, -10/24 HPs)
             Began as a Deep Elf Conjurer on Oct 8, 2020.
             Killed from afar by Ijyb (14 damage)
             ... with an iceblast
             ... on level 3 of the Dungeon.
             The game lasted 00:02:24 (2261 turns).

lorenzova the Conjurer (Deep Elf Conjurer)          Turns: 2261, Time: 00:02:25

Health: -10/24     AC:  2    Str:  5    XL:     4   Next: 92%
Magic:  10/13      EV: 13    Int: 21    God:
Gold:   86         SH:  0    Dex: 15    Spells: 10/13 levels left

rFire    . . .     SeeInvis .   p - +1 short sword (venom)
rCold    . . .     Gourm    .   (no shield)
rNeg     . . .     Faith    .   a - +0 robe
rPois    .         Spirit   .   (no helmet)
rElec    .         Reflect  .   (no cloak)
rCorr    .         Harm     .   (no gloves)
MR       .....                  (no boots)
Stlth    ++........             d - amulet of magic regeneration
HPRegen  0.08/turn              (no ring)
MPRegen  0.38/turn              (no ring)

@: no status effects
A: no striking features
a: no special abilities


You were on level 3 of the Dungeon.
You were not hungry.

You visited 1 branch of the dungeon, and saw 3 of its levels.

You collected 86 gold pieces.

Inventory:

Hand Weapons
 p - a +1 short sword of venom (weapon)
Armour
 a - a +0 robe (worn)
Jewellery
 d - an amulet of magic regeneration (around neck)
Scrolls
 g - a scroll of amnesia {unknown}
 h - a scroll of fog {unknown}
 i - a scroll of teleportation {unknown}
 j - a scroll of blinking {unknown}
 m - a scroll of enchant weapon {unknown}
 o - a scroll of remove curse {unknown}
Potions
 b - a potion of flight {unknown}
 e - a potion of might {unknown}
 f - a potion of curing {unknown}
 k - a potion of degeneration {unknown}
 l - a potion of stabbing {unknown}
 n - a potion of berserk rage {unknown}
Comestibles
 c - 3 rations


   Skills:
 - Level 2.4 Dodging
 - Level 2.4 Stealth
 + Level 5.3 Spellcasting
 + Level 5.7 Conjurations


You had 10 spell levels left.
You knew the following spells:

 Your Spells              Type           Power        Failure   Level  Hunger
a - Magic Dart            Conj           ####         1%          1    None
b - Searing Ray           Conj           ####..       1%          2    None

Your spell library contained the following spells:

 Spells                   Type           Power        Failure   Level  Hunger
 Dazzling Flash           Conj/Hex       ###...       10%         3    ##.....
 Fulminant Prism          Conj/Hex       ###.......   32%         4    ####...
 Iskenderun's Mystic Bla  Conj/Tloc      ###.....     32%         4    ####...


Dungeon Overview and Level Annotations

Branches:
Dungeon (3/15)

Altars:
Ashenzari

Annotations:
D:3 Ijyb


Message History

Ouch! That really hurt!
* * * LOW HITPOINT WARNING * * *
You hear a shout! x2
Ijyb is nearby!
Casting: Magic Dart (safe; 1% risk of failure)
Confirm with . or Enter, or press ? or * to list all spells.
Aiming: Magic Dart (safe; 1% risk of failure)
Press: ? - help, Shift-Dir - straight line, f/p - Ijyb
Aim: Ijyb, wearing a +0 leather armour and carrying a wand of iceblast (5) (severely wounded)
Okay, then.
Casting: Magic Dart (safe; 1% risk of failure)
Confirm with . or Enter, or press ? or * to list all spells.
Aiming: Searing Ray (safe; 1% risk of failure)
Press: ? - help, Shift-Dir - straight line, f/p - Ijyb
Aim: Ijyb, wearing a +0 leather armour and carrying a wand of iceblast (5) (severely wounded)
The searing ray misses Ijyb. (Press . to maintain the ray.) Ijyb zaps a wand.
The mass of ice explodes!
The iceblast engulfs you!
Ouch! That really hurt!
You die...

#.# ..# #(# #.#
.#########.##
........##..#
...######.##..######
#..........@...g...
#.####.#.#...###.##
#..#.....#
##.###...# #.<#.#..#
#.#.##....
#.####..## #.# #..#
#.#


You could see Ijyb.

Vanquished Creatures
  A crimson imp (D:2)
  Natasha (twice) (D:2)
  An adder (D:2)
  A worm (D:2)
  A leopard gecko (D:2)
  A ball python (D:1)
  2 giant cockroaches (D:1)
  6 goblins
  2 hobgoblins (D:2)
  4 kobolds
  A quokka (D:3)
  10 bats
  3 frilled lizards (D:1)
  8 rats
43 creatures vanquished.

Notes
Turn   | Place    | Note
-------+----------+-------------------------------------------
     0 | D:1      | lorenzova the Deep Elf Conjurer began the quest for the
                  | Orb.
     0 | D:1      | Reached XP level 1. HP: 10/10 MP: 6/6
   183 | D:1      | Reached XP level 2. HP: 15/15 MP: 4/8
  1176 | D:2      | Noticed a crimson imp
  1279 | D:1      | Learned a level 2 spell: Searing Ray
  1287 | D:2      | Killed a crimson imp
  1287 | D:2      | Reached skill level 5 in Conjurations
  1287 | D:2      | Reached XP level 3. HP: 19/19 MP: 4/10
  1396 | D:2      | Noticed Natasha
  1401 | D:2      | Killed Natasha
  1401 | D:2      | Reached XP level 4. HP: 24/24 MP: 7/12
  1680 | D:2      | Reached skill level 5 in Spellcasting
  1734 | D:2      | Found a shattered altar of Ashenzari.
  2032 | D:2      | Noticed Natasha
  2040 | D:2      | Killed Natasha
  2257 | D:3      | Noticed Ijyb
  2261 | D:3      | Killed from afar by Ijyb

Illustrated notes

Levels and vault maps discovered:
D:1:      psy_arrival_basics, layout_loops_ring
D:2:      layout_loops_ring, ashenzari_altar_1, first_ration, uniq_natasha
D:3:      layout_loops_ring, uniq_grinder, uniq_terence, uniq_ijyb

Skill      XL: |  1  2  3  4 |
---------------+-------------+-----
Spellcasting   | 4 5 |  5.3
Conjurations   | 5 |  5.7
Dodging        | |  2.4
Stealth        | |  2.4

Action                   |  1- 3 |  4- 6 || total
-------------------------+-------+-------++-------
Melee: Unarmed           |     4 |       ||     4
 Cast: Magic Dart        |    43 |    28 ||    71
       Searing Ray       |     2 |     3 ||     5
  Eat: Chunk             |     1 |     3 ||     4
Dodge: Dodged            |    10 |       ||    10
